 Dungeon Crawl Stone Soup version 0.31.0-12-g77e489cdc1 (webtiles) character file.

Game seed: 6937571819116501633

39 jagang the Slasher (level 3, 0/29 HPs)
             Began as a Human Monk on Mar 6, 2024.
             Slain by an adder (1 damage)
             ... on level 2 of the Dungeon.
             The game lasted 00:02:28 (849 turns).

jagang the Slasher (Human Monk)                      Turns: 849, Time: 00:02:28

Health: 0/29       AC:  6    Str: 11    XL:     3   Next: 47%
Magic:  3/3        EV: 11    Int: 10    God:
Gold:   67         SH:  0    Dex: 17    Spells: 2/2 levels left

rFire   . . .        a - +0 falchion
rCold   . . .        (no shield)
rNeg    . . .        f - +0 ring mail
rPois   .            b - +0 helmet
rElec   .            (no cloak)
rCorr   .            (no gloves)
SInv    .            (no boots)
Will    .....        (no amulet)
Stlth   +            (no ring)
HPRegen 0.24/turn    (no ring)
MPRegen 0.08/turn

%: no passive effects
@: no status effects
A: explore regen
a: no special abilities


You were on level 2 of the Dungeon.
You visited 1 branch of the dungeon, and saw 2 of its levels.

You collected 67 gold pieces.

Inventory:

Hand Weapons
 a - a +0 falchion (weapon)
 g - a +0 arbalest
Armour
 b - a +0 helmet (worn)
 d - an orb of light
 f - a +0 ring mail (worn)
Scrolls
 h - a scroll of revelation {unknown}
 i - 2 scrolls of blinking {unknown}
 j - a scroll of noise {unknown}
Potions
 c - a potion of ambrosia
 e - 2 potions of curing {unknown}


   Skills:
 * Level 3.3 Fighting
 * Level 3.6 Long Blades
 + Level 0.2 Ranged Weapons
 * Level 1.3 Armour
 - Level 3.0 Dodging


You had 2 spell levels left.
You didn't know any spells.
Your spell library was empty.

Dungeon Overview and Level Annotations

Branches:
Dungeon (2/15)

Altars:


Innate Abilities, Weirdness & Mutations

You regain HP and MP as you explore.


Message History

You barely miss the adder.
The adder is lightly wounded.
The adder closely misses you.
The gnoll hits you from afar with a +0 spear.
The adder misses you. The gnoll misses you.
You hit the adder.
The adder is moderately wounded.
The adder barely misses you.
The gnoll hits you from afar with a +0 spear.
You closely miss the adder.
The adder is moderately wounded.
The kobold throws a stone.
The stone barely misses you. The adder bites you but does no damage.
The gnoll hits you from afar with a +0 spear.
The gnoll hits you with a +0 whip. The adder bites you but does no damage.
You closely miss the adder.
The adder is moderately wounded.
The adder barely misses you. The gnoll hits you but does no damage.
The gnoll hits you with a +0 whip.
* * * LOW HITPOINT WARNING * * *
Unknown command.
The adder attacks as it pursues you! The adder barely misses you.
The kobold hits you with a +0 whip.
* * * LOW HITPOINT WARNING * * *
The gnoll hits you with a +0 whip.
* * * LOW HITPOINT WARNING * * *
The gnoll attacks as it pursues you!
The gnoll hits you from afar with a +0 spear.
* * * LOW HITPOINT WARNING * * *
The gnoll closely misses you. The kobold barely misses you.
The adder closely misses you. The kobold hits you but does no damage.
The adder attacks as it pursues you! The adder bites you.
* * * LOW HITPOINT WARNING * * *
The kobold hits you but does no damage.
You see here a +0 sling.
The adder attacks as it pursues you! The adder bites you.
* * * LOW HITPOINT WARNING * * *
The adder bites you.
You die...

... #.# #.########.# ....
###.# #.#.#....###.#
.....+.#.###.#.#......#.#
.....#.#..##.#.####.#.#.#
......<#...#.#........#.#
#...#.#...##.......#.#
#........g##...)<..#.#
#...#.##.>gg########.#
#...S.#....KgKS@.......#
#...#+##################
#... #.[ #. #.


You could see 4 gnolls, an adder and 2 kobolds.

Vanquished Creatures
  An adder (D:2)
  6 endoplasms (D:1)
  A giant cockroach (D:1)
  2 goblins (D:1)
  5 hobgoblins
  2 quokkas (D:1)
  3 ball pythons (D:1)
  4 bats (D:1)
  A kobold (D:1)
  A rat (D:1)
26 creatures vanquished.

Notes
Turn   | Place    | Note
-------+----------+-------------------------------------------
     0 | D:1      | jagang the Human Monk began the quest for the Orb.
     0 | D:1      | Reached XP level 1. HP: 18/18 MP: 1/1
   165 | D:1      | Reached XP level 2. HP: 24/24 MP: 2/2
   421 | D:1      | Reached skill level 1 in Armour
   423 | D:1      | Reached XP level 3. HP: 29/29 MP: 3/3
   455 | D:1      | Found a faded altar of an unknown god.
   848 | D:2      | HP: 1/29 [adder (1)]
   849 | D:2      | Slain by an adder

Illustrated notes

Levels and vault maps discovered:
D:1:      dpeg_arrival_chambers_temple_mockup, layout_basic,
          shapermc_ecumenical_altar_starsandcircs
D:2:      layout_basic, minmay_misc_feat_alley, st_stairs_10,
          kennysheep_decorative_pillar, minmay_misc_feat_tower,
          kennysheep_generic_room_13

Skill      XL: |  1  2 |
---------------+-------+-----
Armour         | 1 |  1.3
Fighting       | |  3.3
Long Blades    | |  3.6
Ranged Weapons | |  0.2
Dodging        | |  3.0

Action                     || total
---------------------------++-------
  Melee: Falchion          ||    44
   Fire: Arbalest          ||    16
 Armour: Robe              ||    17
         Ring mail         ||    22
  Dodge: Dodged            ||    47
